 Dungeon Crawl Stone Soup version 0.31-a0-198-g2ad674f65e (webtiles) character file.

Game seed: 12516878700491827717

1 qw the Shooter (level 1, -1/12 HPs)
             Began as a Deep Elf Hunter on June 25, 2023.
             Slain by a quokka (4 damage)
             ... on level 1 of the Dungeon.
             The game lasted 00:00:01 (66 turns).

qw the Shooter (Deep Elf Hunter)                      Turns: 66, Time: 00:00:02

Health: -1/12      AC:  3    Str:  8    XL:     1   Next: 16%
Magic:  3/3        EV: 12    Int: 13    God:
Gold:   12         SH:  0    Dex: 18    Spells: 0/0 levels left

rFire   . . .        a - +0 shortbow
rCold   . . .        (shield currently unavailable)
rNeg    . . .        c - +0 leather armour
rPois   .            (no helmet)
rElec   .            (no cloak)
rCorr   .            (no gloves)
SInv    .            (no boots)
Will    .....        (no amulet)
Stlth   ++           (no ring)
HPRegen 0.22/turn    (no ring)
MPRegen 0.08/turn

%: no passive effects
@: no status effects
A: no striking features
a: no special abilities


You were on level 1 of the Dungeon.
You visited 1 branch of the dungeon, and saw 1 of its levels.

You collected 12 gold pieces.


   Skills:
 - Level 1.5 Fighting
 + Level 5.4 Ranged Weapons
 - Level 2.4 Dodging
 - Level 1.2 Stealth


You couldn't memorise any spells.
You didn't know any spells.
Your spell library was empty.

Inventory:

Hand Weapons
 a - a +0 shortbow (weapon)
Armour
 c - a +0 leather armour (worn)
Scrolls
 b - a scroll of butterflies
Potions
 d - a potion of curing {unknown}

Dungeon Overview and Level Annotations

Branches:
Dungeon (1/15)

Altars:


Message History

Welcome, qw the Deep Elf Hunter.
Will you prevail where others failed? Will you find the Orb of Zot?
Press ? for a list of commands and other information.
Found a staircase leading out of the dungeon.
Options error: Missing colour in message_colour setting: 'then' x2
Waypoint 0 assigned to D:1.
0 ||| PLANNING D:1-11 You open the large door.
There is a large open door here.
d - a fuming amethyst potion
Found Maxwell's Memoranda.
Found 5 stones.
A kobold comes into view. It is wielding a +0 dagger.
You shoot an arrow. The arrow hits the kobold!
You kill the kobold!
You now have 12 gold pieces.
A quokka comes into view.
You shoot an arrow.
The arrow hits the quokka but does no damage.
The quokka barely misses you.
You shoot an arrow. The arrow barely misses the quokka.
The quokka closely misses you.
You shoot an arrow.
The arrow hits the quokka but does no damage.
The quokka bites you.
You shoot an arrow. The arrow misses the quokka.
The quokka bites you. x2
You shoot an arrow. The arrow closely misses the quokka.
The quokka barely misses you.
You shoot an arrow. The arrow closely misses the quokka.
The quokka misses you. The quokka bites you.
You shoot an arrow. The arrow closely misses the quokka.
The quokka barely misses you.
You shoot an arrow. The arrow closely misses the quokka.
The quokka bites you. The quokka barely misses you.
You shoot an arrow. The arrow hits the quokka.
The quokka is severely wounded.
The quokka bites you.
You die...

###########.###....
...................
###########.....#:.
#.....###.#.###
#.....###.#...
#......(..#..## ###
#####..####... ..#
#..####r# #.##
####..#..@.# #..#
#.......#### #''##
#####...# .##.##
#...# ##...# #.).#
##.<.## #...#
##....## #...#
#8####.# #...#
.......# #####


You could see a quokka.

Vanquished Creatures
  A kobold (D:1)
1 creature vanquished.

Notes
Turn   | Place    | Note
-------+----------+-------------------------------------------
     0 | D:1      | qw the Deep Elf Hunter began the quest for the Orb.
     0 | D:1      | Reached XP level 1. HP: 12/12 MP: 3/3
     0 | D:1      | 0 ||| qw: Version: 0.3-a-22-g0ed2b0b
     0 | D:1      | 0 ||| qw: Game counter: 5471
     0 | D:1      | 0 ||| qw: Melee chars always use a shield: true
     0 | D:1      | 0 ||| qw: God list: Okawaru
     0 | D:1      | 0 ||| qw: Allow faded altars: false
     0 | D:1      | 0 ||| qw: Do Orc after clearing Dungeon:15 true
     0 | D:1      | 0 ||| qw: Do second Lair branch before Depths: true
     0 | D:1      | 0 ||| qw: Lair rune preference: random
     0 | D:1      | 0 ||| qw: Goals: Normal
     0 | D:1      | 0 ||| PLANNING D:1-11
    65 | D:1      | HP: 2/12 [quokka (3)]
    66 | D:1      | Slain by a quokka

Levels and vault maps discovered:
D:1:      saegor_arrival_simple_e, layout_basic, serial_shops,
          nicolae_shop_tiny_statue_garden

Action                     || total
---------------------------++-------
   Fire: Shortbow          ||    10
  Dodge: Dodged            ||     6

Table legend:
 A = Non-vault XP
 B = Vault XP
 C = Vault XP percentage of total XP
 D = Non-vault monster count
 E = Vault monster count
 F = Vault count percentage of total count
                 A         B        C        D         E       F
            +---------+---------+-------+---------+---------+-------
      Total |       2 |       0 |   0.0 |       1 |       0 |   0.0
            +---------+---------+-------+---------+---------+-------
        D:1 |       2 |       0 |   0.0 |       1 |       0 |   0.0
            +---------+---------+-------+---------+---------+-------
